 Dungeon Crawl Stone Soup version 0.31-a0-358-gac0dbeb3ab (webtiles) character file.

Game seed: 93556225997006177

97 AdnanSaban the Covered (level 4, -1/29 HPs)
             Began as a Gargoyle Fighter on July 25, 2023.
             Slain by an orc priest
             ... wielding a +0 hand axe
              (2 damage)
             ... on level 3 of the Dungeon.
             The game lasted 00:01:56 (1702 turns).

AdnanSaban the Covered (Gargoyle Fighter)           Turns: 1702, Time: 00:01:57

Health: -1/29      AC: 14    Str: 21    XL:     4   Next: 68%
Magic:  4/4        EV:  8    Int:  9    God:
Gold:   80         SH:  4    Dex:  9    Spells: 3/3 levels left

rFire   . . .        a - +0 flail
rCold   . . .        c - +0 buckler
rNeg    + . .        l - +0 chain mail
rPois   ∞            (no helmet)
rElec   +            (no cloak)
rCorr   .            j - +0 pair of gloves
SInv    .            (no boots)
Will    .....        (no amulet) Stlth
                     (no ring)
HPRegen 0.24/turn    (no ring)
MPRegen 0.09/turn

%: no passive effects
@: no status effects
A: sickness immunity, AC +3, negative energy resistance 1, electricity
resistance, torment resistance 1, petrification resistance
a: no special abilities


You were on level 3 of the Dungeon.
You visited 1 branch of the dungeon, and saw 3 of its levels.

You collected 80 gold pieces.

Inventory:

Hand Weapons
 a - a +0 flail (weapon)
Missiles
 g - 4 poisoned darts (quivered)
Armour
 c - a +0 buckler (worn)
 j - a +0 pair of gloves (worn)
 l - a +0 chain mail (worn)
Jewellery
 i - a ring of fire
Scrolls
 b - a scroll of revelation {unknown}
 f - 3 scrolls of identify {unknown}
 k - a scroll of poison {unknown}
Potions
 d - a potion of might
 e - a potion of cancellation {unknown}
 h - a potion of berserk rage {unknown}


   Skills:
 + Level 3.7 Fighting
 + Level 3.4 Maces & Flails
 + Level 3.9 Armour
 + Level 0.1 Dodging
 + Level 3.8 Shields


You had 3 spell levels left.
You didn't know any spells.
Your spell library contained the following spells:

 Spells                   Type           Power      Damage    Failure   Level
 Apportation              Tloc           0%         N/A       98%         1
 Necrotise                Necr           0%         1d4       98%         1
 Summon Small Mammal      Summ           0%         N/A       98%         1
 Portal Projectile        Hex/Tloc       0%         N/A       100%        3
 Tukima's Dance           Hex            0%         N/A       100%        3
 Iskenderun's Mystic Bla  Conj/Tloc      0%         2d3       100%        4


Dungeon Overview and Level Annotations

Branches:
Dungeon (3/15)

Altars:


Innate Abilities, Weirdness & Mutations

You are immune to sickness and miasma.
Your stone body is resilient. (AC +3)
You are immune to poison.
You resist negative energy. (rN+)
You are resistant to electric shocks. (rElec)
You are resistant to unholy torment.
You are immune to petrification.


Message History

HP restored.
You climb downwards.
There is a stone staircase leading up here.
An orc priest comes into view. It is wielding a +0 hand axe.
The orc priest shouts!
The orc priest casts a cantrip, but nothing happens.
You block the orc's attack.
You climb upwards.
There is a stone staircase leading down here.
You barely miss the orc. The orc barely misses you.
You barely miss the orc. The orc hits you but does no damage.
You barely miss the orc. The orc hits you with a +0 mace.
The orc hits you but does no damage.
You sock the orc!
You kill the orc!
No target in view!
No target in view!
No target in view!
No target in view!
No target in view!
No target in view!
No target in view!
No target in view!
No target in view!
You start resting.
HP restored.
You climb downwards.
The orc priest shoots a sling bullet.
The sling bullet hits you but does no damage.
There is a stone staircase leading up here.
The orc priest shoots a sling bullet.
The sling bullet hits you but does no damage.
The orc priest shoots a sling bullet.
The sling bullet closely misses you.
The orc priest mumbles some strange prayers to Beogh against you.
Beogh smites you!
The orc priest calls down the wrath of Beogh upon you.
Beogh smites you!
Ouch! That really hurt!
* * * LOW HITPOINT WARNING * * *
The orc priest hits you with a +0 hand axe.
You die...

...~≈#gog#......................
...≈≈#####~~≈~≈≈~≈≈~~~....~≈~~~~
...≈≈≈≈≈≈≈≈≈≈≈≈≈≈≈≈≈≈≈....≈≈≈≈≈≈
...~~~~≈~≈~~~≈~≈~~~~≈~....~~~~~~
....P...[.......................
............o...................
#.........)...............#
#.######......)..######.#.# #.#
#.o@.............#.# #.#
##################### #.# ##...
# .... #.# ... ... ....
##.##.#..... #### #.o....# .<.
#......# #.. #......# .......
.... #......# ..........##


You could see 2 orc priests.

Vanquished Creatures
  2 gnolls (D:3)
  2 adders (D:3)
  A worm (D:2)
  A dart slug (D:1)
  An orc (D:2)
  3 ball pythons (D:1)
  4 endoplasms
  A giant cockroach (D:2)
  5 goblins
  7 hobgoblins
  6 jackals
  A kobold (D:1)
  3 quokkas (D:1)
  4 bats
  7 frilled lizards
  5 rats
53 creatures vanquished.

Notes
Turn   | Place    | Note
-------+----------+-------------------------------------------
     0 | D:1      | AdnanSaban the Gargoyle Fighter began the quest for the
                  | Orb.
     0 | D:1      | Reached XP level 1. HP: 14/14 MP: 1/1
     7 | D:1      | You fall into a shaft and drop 1 floor!
   232 | D:1      | Reached XP level 2. HP: 19/19 MP: 2/2
   580 | D:1      | Reached XP level 3. HP: 19/23 MP: 3/3
  1290 | D:2      | Found a faded altar of an unknown god.
  1486 | D:3      | Reached XP level 4. HP: 23/29 MP: 4/4
  1701 | D:3      | HP: 1/29 [orc priest/divine providence (15)]
  1702 | D:3      | Slain by an orc priest

Illustrated notes

Levels and vault maps discovered:
D:1:      lightli_iron_boxes, layout_loops_cross, minmay_pentomino_w2
D:2:      layout_loops_corners, basic_ecumenical_altar
D:3:      lemuel_castle_with_subvaults [lemuel_castle_interior_original],
          layout_basic, serial_curves, eino_curves_02, eino_curves_02

Skill      XL: |  1  2  3 |
---------------+----------+-----
Maces & Flails | 3 |  3.4
Fighting       | |  3.7
Armour         | |  3.9
Dodging        | |  0.1
Shields        | |  3.8

Action                     |  1- 3 |  4- 6 || total
---------------------------+-------+-------++-------
  Melee: Flail             |   121 |    42 ||   163
 Armour: Scale mail        |    53 |       ||    53
         Chain mail        |    35 |    32 ||    67
  Dodge: Dodged            |    56 |    18 ||    74
  Block: Buckler           |    33 |    13 ||    46

Table legend: (Time is in decaauts)
 A = Elapsed time spent in this place.
 B = Non-inter-level travel time spent in this place.
 C = Inter-level travel time spent in this place.
 D = Time resting spent in this place.
 E = Time spent auto-exploring this place.
 F = Levels seen in this place.
 G = Mean time per level.
                   A        B        C        D        E       F      G
               +--------+--------+--------+--------+--------+-----+--------+
         Total |   1753 |   1674 |     79 |     49 |   1212 |   3 |  584.3 |
       Dungeon |   1753 |   1674 |     79 |     49 |   1212 |   3 |  584.3 |
               +--------+--------+--------+--------+--------+-----+--------+

Top non-repeatable levels by time:
     D:2: 883 daAuts
     D:1: 691 daAuts
     D:3: 178 daAuts
